[Event "Team 45 45 League T25"]
[Site "Internet Chess Club"]
[Date "2004.12.31"]
[Round "3"]
[White "alexcolins"]
[Black "Nomad"]
[Result "1/2-1/2"]
[WhiteElo "1828"]
[BlackElo "1858"]
[TimeControl "2700+45"]

1. d4 Nf6 2. Nf3 d5 3. e3 e6 4. Bd3 c5 5. b3 cxd4 6. exd4 Bb4+ 7. c3 Bd6 8. O-O
O-O 9. Re1 b6 10. Bg5 h6 11. Bh4 Nbd7 12. Nbd2 Qc7 13. Rc1 Bf4 14. Bxf6 Nxf6 15.
Ne5 Nd7 16. Qe2 Nxe5 17. dxe5 f6 18. c4 Qxe5 19. Qxe5 Bxe5 20. cxd5 exd5 21. Nf3
Bf4 22. Rc2 Bg4 23. Nd4 Rfe8 24. Rxe8+ Rxe8 25. f3 Be3+ 26. Kf1 Bxd4 27. fxg4
Re7 28. Bg6 Bc5 29. b4 Rc7 30. bxc5 bxc5 31. Ke2 Kf8 32. Kd3 Ke7 33. Re2+ Kd6
34. Bf5 Re7 35. Rxe7 Kxe7 36. h4 Kd6 37. a4 a5 38. g3 Ke5 39. h5 Kd6 40. Ke3 Ke5
41. Bg6 Kd6 42. Kf4 c4 43. Bc2 Kc5 44. Kf5 d4 45. Ke4 d3 46. Bd1 Kb4 47. Kd4 d2
48. Bc2 Ka3 49. Kxc4 Kb2 50. Kd3 Kc1 51. Kc3 d1=Q 52. Bxd1 Kxd1 53. Kc4 Ke2 54.
Kb5 Kf3 55. Kxa5 Kxg3 56. Kb6 Kxg4 57. a5 Kxh5 58. a6 g5 59. a7 f5 60. a8=Q f4
61. Qf3+ Kg6 62. Kc5 Kf5 63. Kd5 g4 64. Qe4+ Kg5 65. Qe7+ Kh5 66. Qf7+ Kg5 67.
Ke4 f3 68. Qf4+ Kh4 69. Qh2+ Kg5 70. Qe5+ Kh4 71. Qf6+ Kg3 72. Qf4+ Kh3 73.
Qxh6+ Kg2 74. Qh5 f2 75. Qxg4+ Kh2 76. Qf3 Kg1 77. Qg3+ Kh1 78. Qf3+ Kg1 79. Qe3
Kg2 80. Qe2 Kg1 81. Qg4+ Kh2 82. Qh4+ Kg1 83. Qg3+ Kh1 84. Qh3+ Kg1 85. Qe3 Kg2
86. Qe2 Kg1 87. Qe3 Kg2 {Game drawn by repetition} 1/2-1/2

[Event "Team 45 45 League T25"]
[Site "Internet Chess Club"]
[Date "2004.12.31"]
[Round "3"]
[White "fileman"]
[Black "Zillmer"]
[Result "1/2-1/2"]
[WhiteElo "1939"]
[BlackElo "2149"]
[TimeControl "2700+45"]

1. e4 d6 2. d4 Nf6 3. Nc3 g6 4. f4 Bg7 5. Nf3 c5 6. Bb5+ Bd7 7. e5 Ng4 8. Bxd7+
Qxd7 9. d5 dxe5 10. h3 e4 11. Nxe4 Nf6 12. Nxf6+ Bxf6 13. O-O O-O 14. Be3 Bxb2
15. Rb1 Bg7 16. Bxc5 Rd8 17. Ne5 Qc7 18. Ba3 Nc6 19. Ng4 Bd4+ 20. Kh1 Rxd5 21.
Qf3 Rad8 22. f5 Bg7 23. fxg6 fxg6 24. Qf7+ Kh8 25. Nf6 {Game drawn by mutual
agreement} 1/2-1/2

[Event "Team 45 45 League T25"]
[Site "Internet Chess Club"]
[Date "2005.01.02"]
[Round "3"]
[White "MissedMate"]
[Black "Ser-Enigma"]
[Result "0-1"]
[WhiteElo "1951"]
[BlackElo "2105"]
[TimeControl "2700+45"]

1. e4 c5 2. Nf3 Nc6 3. d4 cxd4 4. Nxd4 e5 5. Nb5 d6 6. N5c3 Be6 7. Be2 Rc8 8.
Be3 Nf6 9. Nd2 Be7 10. O-O O-O 11. f3 d5 12. exd5 Nxd5 13. Nxd5 Bxd5 14. a3 f5
15. c4 Be6 16. c5 Nd4 17. b4 b5 18. Kh1 a6 19. Re1 Bf6 20. Rc1 Qd5 21. Bxd4 exd4
22. Bd3 Bg5 23. a4 Rb8 24. axb5 axb5 25. Bc2 Be3 26. Bb3 Qc6 27. Bxe6+ Qxe6 28.
Rb1 Qh6 29. Nb3 Bf4 30. h3 Qh4 31. Qxd4 Qg3 32. Qg1 Rf6 33. Nd2 Bxd2 34. Qh2
Bxe1 {White resigns} 0-1

[Event "Team 45 45 League T25"]
[Site "Internet Chess Club"]
[Date "2005.01.02"]
[Round "3"]
[White "Plattner"]
[Black "alastorx"]
[Result "1/2-1/2"]
[WhiteElo "1795"]
[BlackElo "1942"]
[TimeControl "2700+45"]

1. e4 d5 2. exd5 Qxd5 3. Nc3 Qa5 4. Nf3 Nf6 5. d4 Nc6 6. h3 Bf5 7. Bb5 Ne4 8.
Bxc6+ bxc6 9. Bd2 Nxc3 10. Bxc3 Qd5 11. Qe2 Be4 12. O-O-O Bxf3 13. Qxf3 Qxf3 14.
gxf3 e6 15. Rhg1 O-O-O 16. Kb1 Rd5 17. b3 Rg8 18. Bb2 Be7 19. c4 Rf5 20. Rd3 g6
21. Rg4 Rd8 22. Kc2 Bf6 23. Bc1 c5 24. Be3 Rxf3 25. dxc5 c6 26. Rf4 Rxf4 27.
Bxf4 Rd4 28. Be3 Rxd3 {Game drawn by mutual agreement} 1/2-1/2

[Event "Team 45 45 League T25"]
[Site "Internet Chess Club"]
[Date "2005.01.02"]
[Round "3"]
[White "Sergio56"]
[Black "Justchess"]
[Result "1-0"]
[WhiteElo "1897"]
[BlackElo "1676"]
[TimeControl "2700+45"]

1. e4 e5 2. Nf3 Nc6 3. Bb5 a6 4. Bxc6 dxc6 5. O-O f6 6. d4 exd4 7. Nxd4 c5 8.
Ne2 Qxd1 9. Rxd1 Bd6 10. Bf4 Bxf4 11. Nxf4 c6 12. Na3 b5 13. Rd6 Ne7 14. Rad1
Kf7 15. c3 c4 16. Nc2 c5 17. Nd5 Be6 18. Nc7 Bg4 19. f3 Rac8 20. Nxa6 Be6 21.
Na3 b4 22. Nb5 bxc3 23. bxc3 Rc6 24. Rxc6 Nxc6 25. Nxc5 Bc8 26. Nd6+ Ke7 27.
Nxc4 f5 28. Nb6 fxe4 29. Nxc8+ Rxc8 30. Nxe4 Ne5 31. Rd5 Nc4 32. Rc5 Rxc5 33.
Nxc5 Kd6 34. Ne4+ Ke5 35. Kf2 h6 36. Ke2 Kd5 37. Nd2 Na3 38. Kd3 g5 39. c4+
{Black resigns} 1-0

[Event "Team 45 45 League T25"]
[Site "Internet Chess Club"]
[Date "2005.01.08"]
[Round "3"]
[White "tourettes"]
[Black "John"]
[Result "1-0"]
[WhiteElo "1790"]
[BlackElo "1660"]
[TimeControl "2700+45"]

1. e4 e5 2. Nf3 Nc6 3. Bb5 Bc5 4. O-O d6 5. d4 exd4 6. Nxd4 Bxd4 7. Qxd4 Qf6 8.
Bxc6+ bxc6 9. Be3 Be6 10. Nc3 Qg6 11. Ne2 Nf6 12. Ng3 O-O 13. f3 Nh5 14. Ne2 Qf6
15. c3 Rfe8 16. Qa4 Bd7 17. g4 c5 {Black resigns} 1-0

[Event "Team 45 45 League T25"]
[Site "Internet Chess Club"]
[Date "2004.12.31"]
[Round "3"]
[White "gamlinginn"]
[Black "e4ia"]
[Result "1/2-1/2"]
[WhiteElo "1606"]
[BlackElo "1568"]
[TimeControl "2700+45"]

1. Nf3 b6 2. d4 Bb7 3. e3 e6 4. Bd3 g6 5. O-O Bg7 6. Nbd2 Ne7 7. c4 d6 8. a3 a5
9. b3 Nd7 10. Bb2 O-O 11. b4 axb4 12. axb4 c5 13. bxc5 bxc5 14. Rxa8 Qxa8 15.
Qa1 cxd4 16. Qxa8 Rxa8 17. Bxd4 Nc5 18. Bxc5 dxc5 19. Be4 Bc6 20. g3 Ra4 21.
Bxc6 Nxc6 22. Rc1 Na5 23. Ne4 Rxc4 24. Rxc4 Nxc4 25. Nxc5 {Game drawn by mutual
agreement} 1/2-1/2

[Event "Team 45 45 League T25"]
[Site "Internet Chess Club"]
[Date "2005.01.02"]
[Round "3"]
[White "FattSludge"]
[Black "KirkB"]
[Result "0-1"]
[WhiteElo "1409"]
[BlackElo "1576"]
[TimeControl "2700+45"]

1. e4 c5 2. Nf3 Nc6 3. d3 e5 4. g3 Nf6 5. Bg2 Be7 6. O-O O-O 7. c3 d5 8. Nbd2
Be6 9. h3 h6 10. Re1 dxe4 11. Nxe4 Qd7 12. Kh2 Rad8 13. Be3 Qxd3 14. Qxd3 Rxd3
15. Nxc5 Bxc5 16. Bxc5 Rfd8 17. Nxe5 Nxe5 18. Rxe5 Nd7 19. Rxe6 fxe6 20. Be3 b6
21. Bf1 Rd5 22. Re1 Nc5 23. Bc4 Re5 24. Kg2 Nb7 25. Kf1 Nd6 26. Bb3 Nf5 27. Bc2
Nxe3+ 28. fxe3 Rd2 29. Re2 Rxe2 30. Kxe2 Kf7 31. c4 Rh5 32. h4 g5 33. hxg5 Rh2+
34. Kd3 hxg5 35. b4 Rg2 36. a4 Rxg3 37. Bd1 Rg1 38. Bf3 g4 39. Be4 g3 40. Ke2
Rc1 41. Kd3 Ra1 42. Bc6 Ra2 43. c5 bxc5 44. bxc5 g2 45. Bxg2 Rxg2 46. Kc4 Ke7
47. Kb5 Kd7 48. a5 Rb2+ 49. Ka6 Kc6 50. Kxa7 Kxc5 51. e4 Kd4 52. e5 Kxe5 53. a6
Kd4 54. Ka8 Ra2 55. a7 Rxa7+ 56. Kxa7 e5 {White resigns} 0-1

[Event "Team 45 45 League T25"]
[Site "Internet Chess Club"]
[Date "2004.12.31"]
[Round "3"]
[White "Mississippian"]
[Black "frenchmen"]
[Result "1-0"]
[WhiteElo "1492"]
[BlackElo "1494"]
[TimeControl "2700+45"]

1. e4 e6 2. Nf3 d5 3. e5 d4 4. d3 c5 5. Be2 Nc6 6. O-O Nge7 7. Bg5 Qb6 8. Na3
Qxb2 9. Nc4 Qc3 10. Nd6+ Kd7 11. Nxf7 Rg8 12. Bd2 Qa3 13. N7g5 Nd5 14. Ne4 Be7
15. Qc1 Qxc1 16. Rfxc1 Ncb4 17. c3 dxc3 18. Nxc3 Ke8 19. d4 cxd4 20. Nxd4 Bc5
21. Ndb5 a6 22. Nd6+ Bxd6 23. exd6 Bd7 24. Nxd5 Nxd5 25. Rab1 b5 26. Bf3 Rc8 27.
Re1 Nc3 28. Rb2 Na4 29. Rb4 Nc5 30. Rh4 Nd3 31. Rb1 Rc2 32. Be3 h6 33. Bh5+ g6
34. Bf3 h5 35. Be4 Rc4 36. f3 Ne5 37. Rc1 Rxc1+ 38. Bxc1 Kf7 39. Rf4+ Kg7 40.
Bb2 g5 41. Bxe5+ Kh6 42. Rf6+ {Black resigns} 1-0

[Event "Team 45 45 League T25"]
[Site "Internet Chess Club"]
[Date "2004.12.31"]
[Round "3"]
[White "MrAnderssen"]
[Black "claymil"]
[Result "1-0"]
[WhiteElo "1650"]
[BlackElo "1665"]
[TimeControl "2700+45"]

1. e4 c5 2. Nf3 Nc6 3. d4 cxd4 4. Nxd4 Nf6 5. Nc3 d6 6. Be3 e5 7. Ndb5 a6 8. Nd5
Nxd5 9. exd5 Ne7 10. Nc3 b5 11. Ne4 Bb7 12. c4 bxc4 13. Qa4+ Qd7 14. Nxd6+ Kd8
15. Bb6+ {Black resigns} 1-0

[Event "Team 45 45 League T25"]
[Site "Internet Chess Club"]
[Date "2005.01.02"]
[Round "3"]
[White "Lothar"]
[Black "dougmo"]
[Result "0-1"]
[WhiteElo "1519"]
[BlackElo "1634"]
[TimeControl "2700+45"]

1. d4 Nf6 2. c4 e6 3. Bg5 h6 4. Bh4 g5 5. Bg3 Ne4 6. e3 Nxg3 7. hxg3 Bb4+ 8. Nc3
c5 9. Nf3 Qa5 10. Qc2 Nc6 11. d5 Ne7 12. Nxg5 exd5 13. cxd5 d6 14. e4 Bd7 15.
Nf3 O-O-O 16. Nd2 f5 17. Nc4 Bxc3+ 18. Qxc3 Qxc3+ 19. bxc3 Kc7 20. f3 fxe4 21.
fxe4 b5 22. Na3 a6 23. Be2 Ng6 24. Nc2 Ne5 25. Ne3 Rdf8 26. Rf1 Rxf1+ 27. Kxf1
Rf8+ 28. Kg1 a5 29. a3 Rg8 30. Kf2 Rf8+ 31. Kg1 Rg8 32. Kf2 Rf8+ 33. Kg1 Rg8 34.
Kh2 c4 35. Rf1 Ng4+ 36. Bxg4 Bxg4 37. Nxg4 Rxg4 38. Rf4 Rg7 39. Rf6 Rh7 40. g4
Re7 41. Rf4 Kb6 42. Kg3 Kc5 43. Kf3 b4 44. axb4+ axb4 45. cxb4+ Kxb4 46. Ke3 Kb3
47. Kd4 Rc7 48. Rf8 c3 49. Rb8+ Kc2 50. Ke3 Kc1 51. e5 dxe5 52. d6 Rd7 53. Rb6
Kd1 54. Rb1+ Kc2 55. Rb6 Kc1 56. Kd3 c2 57. Rc6 e4+ 58. Ke2 e3 59. Ra6 Rb7 60.
d7 Rxd7 61. Rb6 Rd2+ {White resigns} 0-1

[Event "Team 45 45 League T25"]
[Site "Internet Chess Club"]
[Date "2005.01.03"]
[Round "3"]
[White "Two-DogMan"]
[Black "alaskauk"]
[Result "1/2-1/2"]
[WhiteElo "1427"]
[BlackElo "1497"]
[TimeControl "2700+45"]

1. e4 e5 2. Nf3 Nc6 3. Bc4 Bc5 4. O-O Nf6 5. Nc3 O-O 6. a3 a6 7. Re1 d6 8. Be2
Nd4 9. d3 Nxe2+ 10. Nxe2 Bg4 11. Ng3 Nh5 12. Nxh5 Bxh5 13. h3 f6 14. Be3 Qd7 15.
Bxc5 dxc5 16. Re3 Qe6 17. Qf1 h6 18. Nh4 Be8 19. Rg3 Kh7 20. f4 Rg8 21. f5 Qb6
22. Rb1 c4+ 23. Kh2 cxd3 24. cxd3 Rd8 25. b4 Qd4 26. Ng6 Ba4 27. Rc1 c6 28. Qf3
Qb2 29. Rg1 Qxa3 30. Qg4 Rd7 31. d4 Qxb4 32. dxe5 fxe5 33. Nxe5 Re7 34. Qg6+ Kh8
35. Nf7+ Rxf7 36. Qxf7 Qd6 37. Qxb7 Bb5 38. Re1 Qe5 39. Qf7 Rd8 40. f6 Qxf6 41.
Qxf6 gxf6 42. e5 fxe5 43. Rxe5 a5 44. Re7 Rg8 45. Rxg8+ Kxg8 46. Ra7 a4 47. g4
Kh8 48. Kg3 c5 49. Kf3 c4 50. Ke3 c3 51. Rc7 a3 52. Rxc3 a2 53. Rc1 Bc4 54. Kf4
Kg7 55. h4 Kf6 56. Ra1 Bb3 57. Ke3 Bc4 58. Kd4 Bb3 59. Kc3 Be6 60. Kb2 Bd5 61.
Rf1+ Kg6 62. Rf5 Be6 63. h5+ Kg7 64. Rf4 Bf7 65. Ra4 Kf6 66. Ra6+ Kg5 67. Rd6
Kxg4 68. Rxh6 Kg5 69. Rh8 Bb3 70. h6 Kg6 71. Ra8 Bd5 72. Ra6+ Kh7 73. Rd6 Bb3
74. Rd3 Bc4 75. Rd4 Bb3 76. Rh4 Bd5 77. Rh5 Bf7 78. Rh1 Be6 79. Re1 Bd5 80. Re5
Bb3 81. Rb5 Bc4 82. Rb6 Bd5 83. Ra6 Bg8 84. Kc3 Bd5 85. Kd4 Bb3 86. Ke5 Bc4 87.
Ra5 Kxh6 88. Kf4 Kg6 89. Ke4 Kf6 90. Kd4 Bb3 91. Ra6+ Kf5 92. Kc3 Be6 93. Ra5+
Ke4 94. Ra4+ Ke5 95. Kd3 {Game drawn by mutual agreement} 1/2-1/2

[Event "Team 45 45 League T25"]
[Site "Internet Chess Club"]
[Date "2004.12.30"]
[Round "3"]
[White "swingdoc"]
[Black "tgralex"]
[Result "0-1"]
[WhiteElo "1713"]
[BlackElo "1834"]
[TimeControl "2700+45"]

1. e4 e5 2. Nf3 Nc6 3. Bc4 Bc5 4. O-O d6 5. c3 h6 6. d4 exd4 7. cxd4 Bb6 8. h3
Nge7 9. Nc3 O-O 10. Bf4 Na5 11. Bd3 f5 12. e5 dxe5 13. Bxe5 Nec6 14. Re1 Nxd4
15. Nxd4 Bxd4 16. Bxd4 Qxd4 17. Qf3 Nc6 18. Bb5 Ne5 19. Qd5+ Qxd5 20. Nxd5 c6
21. Nc7 Rb8 22. Rxe5 cxb5 23. Nxb5 a6 24. Nd6 Bd7 25. Rc1 Rf6 26. Rd1 Be6 27. a3
Rd8 28. Re3 Rd7 29. Red3 Rf8 30. f4 Rfd8 31. Kf2 Kf8 32. Ke3 b5 33. b4 Ke7 34.
Nb7 Rxd3+ 35. Rxd3 Rxd3+ 36. Kxd3 Bd5 37. Nc5 Bxg2 38. h4 Kf6 39. Ke3 g5 40.
hxg5+ hxg5 41. Nxa6 g4 42. Kf2 Bc6 43. Nb8 Be4 44. Nd7+ Ke6 45. Nc5+ Kd5 46. Ke3
Bh1 47. Nb3 Kc4 48. Nd4 Be4 49. Ne6 g3 50. Nd4 g2 51. Ne2 Kb3 52. Kd4 Kxa3 53.
Kc3 Bc6 54. Ng1 Ka2 55. Ne2 Kb1 56. Kd2 {White resigns} 0-1

[Event "Team 45 45 League T25"]
[Site "Internet Chess Club"]
[Date "2004.12.31"]
[Round "3"]
[White "BenjaminSisko"]
[Black "allanchs"]
[Result "1-0"]
[WhiteElo "1685"]
[BlackElo "1602"]
[TimeControl "2700+45"]

1. Nf3 d5 2. g3 Nf6 3. Bg2 e6 4. O-O Be7 5. d3 O-O 6. Nbd2 c5 7. Re1 b6 8. e4
dxe4 9. dxe4 Bb7 10. Qe2 Nbd7 11. e5 Nd5 12. a3 Qc8 13. c4 Nc7 14. Ne4 f6 15.
Nd6 Bxd6 16. exd6 Ne8 17. Qxe6+ Kh8 18. h4 Qc6 19. Bf4 Ne5 20. Bxe5 fxe5 21. Re3
Nxd6 22. Ne1 e4 23. b3 Rae8 24. Qg4 Bc8 25. Qg5 Rf5 26. Bxe4 Rxg5 27. Bxc6 Rxe3
28. hxg5 Rxb3 29. Bd5 Rc3 30. Rd1 Nf5 31. Bb7 Be6 32. Rd8+ Bg8 33. a4 g6 34. g4
Rc1 35. gxf5 Rxe1+ 36. Kg2 Kg7 37. f6+ Kf7 38. Bd5+ Re6 39. Rxg8 {Black resigns}
1-0

[Event "Team 45 45 League T25"]
[Site "Internet Chess Club"]
[Date "2004.12.29"]
[Round "3"]
[White "Kaseirovski"]
[Black "Smart"]
[Result "1-0"]
[WhiteElo "1515"]
[BlackElo "1531"]
[TimeControl "2700+45"]

1. Nf3 d5 2. g3 c6 3. Bg2 Bg4 4. O-O Nd7 5. d3 e6 6. Nbd2 Bd6 7. e4 Ne7 8. h3
Bh5 9. Qe1 Bxf3 10. Nxf3 Ne5 11. Nxe5 Bxe5 12. exd5 Bd6 13. dxe6 O-O 14. c3 Qb6
15. d4 Rae8 16. exf7+ Rxf7 17. Qd1 Ref8 18. Qc2 Qc7 19. Qd3 Nf5 20. Bd2 h5 21.
Be4 Qd7 22. Bg5 Ne7 23. Bxe7 Bxe7 24. Kg2 h4 25. Rae1 g5 26. Bg6 Rg7 27. Qc4+
Kh8 28. Qe6 Qd5+ 29. Qxd5 cxd5 30. Re6 Rf6 31. Rfe1 Rfxg6 32. Rxe7 Rb6 33. Re8+
Rg8 34. Rxg8+ Kxg8 35. Re5 hxg3 36. Rxg5+ Kf7 37. Kxg3 Ke6 38. Rg6+ Kf5 39. Rxb6
axb6 40. a4 b5 41. axb5 b6 42. f4 Kg6 43. Kg4 Kf6 44. f5 Kg7 45. Kg5 Kf7 46. f6
Kg8 47. Kg6 Kh8 48. Kf7 {Black resigns} 1-0

[Event "Team 45 45 League T25"]
[Site "Internet Chess Club"]
[Date "2005.01.02"]
[Round "3"]
[White "rabanito"]
[Black "RingLord"]
[Result "1-0"]
[WhiteElo "1471"]
[BlackElo "1549"]
[TimeControl "2700+45"]

1. e4 d6 2. d4 Nf6 3. Nc3 g6 4. Nf3 Bg7 5. Be3 O-O 6. Be2 Ng4 7. Bd2 e5 8. h3
exd4 9. Nxd4 Nf6 10. Bg5 Qd7 11. O-O a6 12. a4 Re8 13. Bxf6 Bxf6 14. Bg4 Qe7 15.
Nd5 Qd8 16. Bxc8 Bxd4 17. Qxd4 Qxc8 18. Nf6+ Kf8 19. Nxe8 Qxe8 20. Qh8+ Ke7 21.
Qxe8+ Kxe8 22. f4 Kd7 23. Rad1 Ke7 24. g4 Nc6 25. c3 Re8 26. Rfe1 f6 27. h4 Kf7
28. g5 Re6 29. f5 Re5 30. Rd5 gxf5 31. Rxe5 Nxe5 32. exf5 Nf3+ 33. Kf2 Nxe1 34.
Kxe1 d5 35. Kf2 c5 36. Kf3 b5 37. a5 Ke7 38. Ke3 Kf7 39. Kf4 Ke7 40. g6 h6 41.
Kg4 Kf8 42. Kh5 Kg7 43. Kg4 b4 44. cxb4 c4 45. b5 d4 46. b6 c3 47. bxc3 dxc3 48.
b7 c2 49. b8=Q h5+ 50. Kxh5 c1=Q 51. Qb7+ Kg8 52. Qf7+ {Black resigns} 1-0

[Event "Team 45 45 League T25"]
[Site "Internet Chess Club"]
[Date "2005.01.01"]
[Round "3"]
[White "mickeys"]
[Black "Rainbird"]
[Result "1-0"]
[WhiteElo "1702"]
[BlackElo "1645"]
[TimeControl "2700+45"]

1. d4 d5 2. Nf3 Nf6 3. c4 e6 4. Nc3 Be7 5. Bf4 c6 6. h3 O-O 7. e3 Nbd7 8. Bd3 b6
9. Qa4 Bb7 10. cxd5 Nxd5 11. Nxd5 exd5 12. O-O Nf6 13. Rac1 Ne4 14. Ne5 b5 15.
Qc2 f5 16. Nxc6 Bxc6 17. Qxc6 a6 18. Bc7 Qe8 19. Qxd5+ Qf7 20. Bxe4 fxe4 21.
Qxe4 Bf6 22. b3 Rfe8 23. Qf3 Ra7 24. Bb6 Rb7 25. Bc5 Qd7 26. Rfd1 Be7 27. Bxe7
Qxe7 28. Rc5 Rf8 29. Qd5+ Kh8 30. Rdc1 Qf6 31. Qxb7 {Black resigns} 1-0

[Event "Team 45 45 League T25"]
[Site "Internet Chess Club"]
[Date "2004.12.31"]
[Round "3"]
[White "jmc860"]
[Black "TheBrewer"]
[Result "1-0"]
[WhiteElo "1497"]
[BlackElo "1627"]
[TimeControl "2700+45"]

1. e4 e6 2. d4 d5 3. e5 c5 4. c3 Qb6 5. Nf3 Nc6 6. Bd3 Bd7 7. dxc5 Bxc5 8. Qe2
a6 9. O-O Rc8 10. b4 Be7 11. Bg5 Bxg5 12. Nxg5 h6 13. Nf3 Nge7 14. Nbd2 O-O 15.
Nb3 Qd8 16. Nc5 Rb8 17. Nh4 Qc7 18. Rfe1 a5 19. a3 b6 20. Nxd7 Qxd7 21. Bc2 Qc7
22. Qd3 g6 23. Qg3 axb4 24. Bxg6 fxg6 25. Nxg6 Nxg6 26. Qxg6+ Kh8 27. Qxh6+ Qh7
28. Qxe6 Ne7 29. axb4 Qc2 30. Qh6+ Kg8 31. Qg5+ Kf7 32. e6+ Ke8 33. Qg3 Qf5 34.
Qxb8+ {Black resigns} 1-0

[Event "Team 45 45 League T25"]
[Site "Internet Chess Club"]
[Date "2005.01.02"]
[Round "3"]
[White "bmw2002"]
[Black "KaissaXiaolin"]
[Result "0-1"]
[WhiteElo "1493"]
[BlackElo "1536"]
[TimeControl "2700+45"]

1. c4 e5 2. Nc3 d6 3. Nf3 f5 4. d4 exd4 5. Nxd4 Nf6 6. e3 g6 7. Bd3 Bg7 8. O-O
c5 9. Nf3 Nc6 10. Rb1 Ne5 11. Nxe5 dxe5 12. e4 f4 13. Be2 Be6 14. b3 Qa5 15. Qd6
Kf7 16. Qxe5 Nh5 17. Qg5 h6 18. Qh4 Bf6 19. Qxh5 gxh5 20. Bxh5+ Ke7 21. Nd5+
Bxd5 22. exd5 Be5 23. Bb2 Bxb2 24. Rxb2 Kf6 25. Re2 Qc3 26. Rfe1 Rhg8 27. Re6+
Kg5 28. R1e5+ Kh4 29. g3+ fxg3 30. hxg3+ Rxg3+ 31. Kf1 Qd3+ 32. Be2 Qb1+ 33. Bd1
Qxd1+ 34. Re1 Qd3+ 35. R1e2 Rg6 36. Re4+ Rg4 37. Re6 Rag8 38. f3 Rg1+ 39. Kf2
R8g2# {White checkmated} 0-1

[Event "Team 45 45 League T25"]
[Site "Internet Chess Club"]
[Date "2005.01.01"]
[Round "3"]
[White "Poet-Laureate"]
[Black "billarvola"]
[Result "0-1"]
[WhiteElo "1842"]
[BlackElo "2039"]
[TimeControl "2700+45"]

1. d4 Nf6 2. c4 e6 3. a3 d5 4. cxd5 exd5 5. Nc3 c6 6. Nf3 Bf5 7. e3 Bd6 8. Bd3
Bxd3 9. Qxd3 O-O 10. O-O Nbd7 11. b3 Qe7 12. Bb2 Ne4 13. Nd2 f5 14. Ncxe4 fxe4
15. Qe2 Qh4 16. g3 Qh3 17. f3 exf3 18. Rxf3 Rxf3 19. Qxf3 Rf8 20. Qg2 Qe6 21. e4
dxe4 22. Qxe4 Qxe4 23. Nxe4 Bc7 24. Rf1 Re8 25. Nc5 Nxc5 26. dxc5 Re3 27. b4 Rb3
28. Rf2 a5 29. bxa5 Bxa5 30. Kg2 Bc3 31. Bc1 Bd4 32. Rc2 Rb5 33. Kf3 Rxc5 34.
Rxc5 Bxc5 35. a4 Kf7 36. Ke4 Ke6 37. g4 Bf2 38. Bb2 g6 39. Bc3 Bh4 40. Bd4 Bd8
41. Bf2 b5 42. axb5 cxb5 43. Bc5 Bf6 44. Bb4 Be5 45. h3 Bd6 46. Bc3 b4 47. Bb2
Bg3 48. Bc1 Be5 49. Kf3 b3 50. g5 b2 51. Bxb2 Bxb2 52. Kg4 Ke5 53. h4 Ke4 54. h5
Bc1 55. hxg6 hxg6 56. Kg3 Kf5 57. Kh4 Bxg5+ 58. Kg3 Bd8 59. Kf3 Bc7 60. Kg2 Kg4
61. Kf2 g5 62. Kg2 Bb8 63. Kh1 Kh3 64. Kg1 g4 65. Kh1 g3 66. Kg1 Ba7+ 67. Kf1
g2+ 68. Ke2 g1=Q 69. Kd3 Qd4+ 70. Ke2 Qe3+ 71. Kd1 Qf2 72. Kc1 Qe2 73. Kb1 Qd2
74. Ka1 Bd4+ {White resigns} 0-1

[Event "Team 45 45 League T25"]
[Site "Internet Chess Club"]
[Date "2005.01.02"]
[Round "3"]
[White "nminwalla"]
[Black "ramakrishna"]
[Result "1-0"]
[WhiteElo "1778"]
[BlackElo "1824"]
[TimeControl "2700+45"]

1. e4 c5 2. Nf3 d6 3. d4 cxd4 4. Nxd4 Nf6 5. Nc3 g6 6. Be3 Bg7 7. f3 Nc6 8. Bc4
a6 9. Qd2 Na5 10. Bd3 Bd7 11. O-O h5 12. Nd5 Nc6 13. Nxc6 bxc6 14. Bb6 Qb8 15.
Nc7+ Kf8 16. Nxa8 Qxa8 17. Qa5 Bc8 18. c3 c5 19. e5 Nd7 20. exd6 exd6 21. Bxc5
Be5 22. Bf2 Bb7 23. Rad1 h4 24. h3 Bxf3 25. gxf3 Qxf3 26. Qd8+ Kg7 27. Qxd7 Qf4
28. Rfe1 Rb8 29. Rb1 Qh2+ 30. Kf1 Bg3 31. Bd4+ Kg8 32. Re8+ {Black resigns} 1-0

[Event "Team 45 45 League T25"]
[Site "Internet Chess Club"]
[Date "2005.01.08"]
[Round "3"]
[White "viking99"]
[Black "pork"]
[Result "1-0"]
[WhiteElo "1797"]
[BlackElo "1546"]
[TimeControl "2700+45"]

1. e4 e5 2. Nf3 Nc6 3. Bb5 f5 4. Bxc6 dxc6 5. Nxe5 Qd4 6. Qh5+ g6 7. Nxg6 hxg6
8. Qxg6+ Kd8 9. d3 Ne7 10. Bg5 Qg7 11. Bxe7+ Qxe7 12. Nd2 Be6 13. O-O-O Rg8 14.
Qh5 Bg7 15. exf5 Bxb2+ 16. Kxb2 Qb4+ 17. Nb3 Bxb3 18. axb3 Qd4+ 19. Kb1 a5 20.
Qf7 Rh8 21. Rhe1 a4 22. Re4 Qd6 {Black resigns} 1-0

[Event "Team 45 45 League T25"]
[Site "Internet Chess Club"]
[Date "2005.01.03"]
[Round "3"]
[White "vvsi"]
[Black "John"]
[Result "1/2-1/2"]
[WhiteElo "1676"]
[BlackElo "1686"]
[TimeControl "2700+45"]

1. e4 e5 2. Nf3 Nc6 3. d4 exd4 4. Nxd4 d5 5. Nxc6 bxc6 6. exd5 Qxd5 7. Qxd5 cxd5
8. Bb5+ Bd7 9. Bxd7+ Kxd7 10. Be3 c5 11. O-O Nf6 12. Nd2 Bd6 13. h3 h6 14. Nb3
Kc6 15. c3 Rhe8 16. Rfe1 Re6 17. Rad1 Rae8 18. Bd2 Ne4 19. Be3 f5 20. Kf1 g5 21.
Bc1 f4 22. Nd2 h5 23. Nxe4 dxe4 24. c4 Re5 25. f3 e3 26. Ke2 Bc7 27. Rd3 Ba5 28.
Red1 Bc7 29. Rd7 R8e7 30. Rxe7 Rxe7 31. b3 Rd7 32. Bb2 Rxd1 33. Kxd1 Kd7 34. Bc3
Ke6 35. b4 cxb4 36. Bxb4 Be5 37. a4 Ba1 38. Ke2 Kf5 39. Kd3 Be5 40. c5 a6 41. c6
Bc7 42. Bc3 g4 43. Be1 gxf3 44. gxf3 Ke5 45. Bh4 Kd5 46. Kc3 Kxc6 47. Kb4 Kd5
48. Kc3 Bd6 49. Be1 Be7 50. Kd3 Bf6 51. Bb4 Bh4 52. Ba3 Be1 53. Bf8 a5 54. Be7
Bb4 55. Bg5 Bd6 56. Bd8 Kc5 57. Bxa5 Kc6 58. Bd8 Bc7 59. Bf6 Kb6 60. Bc3 Kc5 61.
Be1 Kb6 62. Bc3 Ka6 63. Bd4 Ka5 64. Bxe3 fxe3 65. Kxe3 Kxa4 66. Ke4 Kb5 67. Kf5
Kc5 68. Kg5 Kd5 69. Kxh5 Ke5 70. Kg4 Kf6 71. h4 Kg6 72. f4 Bxf4 73. Kxf4 Kh5 74.
Kg3 Kg6 75. Kg4 Kh6 76. h5 Kh7 77. Kg5 Kh8 78. Kg6 Kg8 79. h6 Kh8 {Game drawn by
mutual agreement} 1/2-1/2

[Event "Team 45 45 League T25"]
[Site "Internet Chess Club"]
[Date "2005.01.03"]
[Round "3"]
[White "SnoopDoggyDogg"]
[Black "fledermaus"]
[Result "1/2-1/2"]
[WhiteElo "1891"]
[BlackElo "1985"]
[TimeControl "2700+45"]

1. e4 c6 2. d4 d5 3. Nc3 dxe4 4. Nxe4 Bf5 5. Ng3 Bg6 6. h4 h6 7. Nf3 Nd7 8. Bd3
Bxd3 9. Qxd3 Ngf6 10. Bd2 e6 11. O-O-O Qc7 12. Ne4 Nxe4 13. Qxe4 Bd6 14. c4
O-O-O 15. b4 Nf6 16. Qe2 Bf4 17. Bxf4 Qxf4+ 18. Qd2 Qxd2+ 19. Rxd2 Ne4 20. Rc2
Rd7 21. Re1 Nd6 22. g4 Rhd8 23. d5 exd5 24. cxd5 Rc7 25. dxc6 bxc6 26. Ne5 Kb7
27. Nc4 Nxc4 28. Rxc4 Rd6 {Game drawn by mutual agreement} 1/2-1/2

[Event "Team 45 45 League T25"]
[Site "Internet Chess Club"]
[Date "2005.01.08"]
[Round "3"]
[White "Bydlo"]
[Black "Chess2Play"]
[Result "1-0"]
[WhiteElo "1872"]
[BlackElo "1720"]
[TimeControl "2700+45"]

1. e4 c5 2. Nf3 Nc6 3. Bb5 g6 4. O-O Bg7 5. c3 Nf6 6. Qe2 O-O 7. d4 cxd4 8. cxd4
d5 9. e5 Ne4 10. Be3 Bg4 11. h3 Bxf3 12. gxf3 Nd6 13. exd6 Qxd6 14. Bxc6 Qxc6
15. Nc3 e6 16. Rac1 Rfc8 17. Ne4 Qa4 18. b3 Qb4 19. Nc5 b6 20. a3 Qxa3 21. Ra1
Qb4 22. Ra4 Qc3 23. Rc1 Qxc1+ 24. Bxc1 bxc5 25. dxc5 Rxc5 26. Be3 Rc7 27. Qa2 d4
28. Bxd4 Bxd4 29. Rxd4 Rac8 30. Qd2 Rc1+ 31. Kg2 R8c5 32. Rd7 h6 33. Qxh6 {Black
resigns} 1-0